 Dungeon Crawl Stone Soup version 0.22-a0-571-g4a923d4 (webtiles) character file.

399 Hebeh the Chopper (level 6, -2/53 HPs)
             Began as a Minotaur Fighter on July 1, 2018.
             Slain by a phantom (4 damage)
             ... on level 3 of the Dungeon.
             The game lasted 00:08:13 (2510 turns).

Hebeh the Chopper (Minotaur Fighter)                Turns: 2510, Time: 00:08:14

Health: -2/53      AC: 12    Str: 23    XL:     6   Next: 53%
Magic:  5/5        EV:  4    Int:  5    God:
Gold:   144        SH: 10    Dex:  9    Spells: 5/5 levels left

rFire    . . .     SeeInvis .   k - +2 spear (pierce)
rCold    . . .     Gourm    .   c - +0 shield
rNeg     . . .     Faith    .   o - +0 plate armour
rPois    .         Spirit   .   (helmet restricted)
rElec    .         Reflect  .   (no cloak)
rCorr    .         Harm     .   (no gloves)
MR       .....                  (no boots)
Stlth    ..........             (no amulet)
HPRegen  0.17/turn              (no ring)
MPRegen  0.09/turn              (no ring)

@: lethally poisoned (-2 -> -5)
A: retaliatory headbutt, horns 2
a: no special abilities


You were on level 3 of the Dungeon.
You were not hungry.

You visited 1 branch of the dungeon, and saw 4 of its levels.

You collected 144 gold pieces.

Inventory:

Hand Weapons
 a - a +0 war axe
 b - a +0 flail of crushing
 j - a +1 flail of protection
 k - a +2 spear of piercing (weapon)
 x - a +2 mace of protection
Armour
 c - a +0 shield (worn)
 o - a +0 plate armour (worn)
Wands
 y - a wand of enslavement (10)
Scrolls
 g - 2 scrolls of teleportation {unknown}
 n - 3 scrolls of identify {unknown}
 p - a scroll of random uselessness {unknown}
 s - a scroll of magic mapping {unknown}
 v - a scroll of enchant weapon {unknown}
 w - a scroll of fog {unknown}
Potions
 d - a potion of might
 e - a potion of brilliance {unknown}
 h - a potion of berserk rage {unknown}
 i - a potion of agility {unknown}
 l - 3 potions of curing {unknown}
 m - a potion of ambrosia {unknown}
 q - a potion of heal wounds {unknown}
 r - a potion of resistance {unknown}
 t - 2 potions of flight {unknown}
 u - a potion of haste {unknown}
 z - 2 potions of magic {unknown}
Comestibles
 f - 8 rations


   Skills:
 + Level 4.7 Fighting
 * Level 5.1(5.4) Axes
 + Level 2.4(4.1) Polearms
 + Level 2.0 Throwing
 + Level 4.6 Armour
 + Level 4.9 Shields


You had 5 spell levels left.
You didn't know any spells.
Your spell library was empty.

Dungeon Overview and Level Annotations

Branches:
Dungeon (4/15)
 Temple: D:4-7

Altars:
Sif Muna


Innate Abilities, Weirdness & Mutations

You reflexively headbutt those who attack you in melee.
You have a pair of horns on your head.


Message History

The orc wizard hits you but does no damage.
You barely miss the orc wizard.
* * * LOW HITPOINT WARNING * * *
You feel sick. You block the phantom's attack.
You block the orc wizard's attack.
You hit the orc wizard.
The orc wizard is moderately wounded.
* * * LOW HITPOINT WARNING * * *
You feel sick. You block the orc wizard's attack.
The phantom barely misses you. You furiously retaliate!
You headbutt the phantom. You hit the orc wizard.
The orc wizard is almost dead.
The orc wizard hits you but does no damage.
You block the phantom's attack. You block the orc wizard's attack.
* * * LOW HITPOINT WARNING * * *
You feel sick.
The orc wizard gestures at you while chanting.
The magic dart hits you! The phantom hits you.
You die...

############ ######
##..@.......####### .....##
##..(Wo............# ......##
#....>.............# .......#
#.............>....# .......#
#..................#
.......#####..................#
..............................#
.......##.....................#
.....).###..#.................#


You could see a phantom and an orc wizard.

Vanquished Creatures
  Blork the orc (D:3)
  A scorpion (D:3)
  A crimson imp (D:3)
  An orc priest (D:3)
  2 orc wizards (D:3)
  Robin (D:2)
  6 adders
  A worm (D:2)
  7 orcs
  A ball python (D:1)
  10 bats
  3 giant cockroaches
  14 hobgoblins
  3 quokkas (D:2)
  3 frilled lizards (D:3)
  11 goblins
  14 kobolds
  9 rats
89 creatures vanquished.

Notes
Turn   | Place    | Note
-------+----------+-------------------------------------------
     0 | D:1      | Hebeh the Minotaur Fighter began the quest for the Orb.
     0 | D:1      | Reached XP level 1. HP: 19/19 MP: 0/0
   148 | D:1      | Reached XP level 2. HP: 27/27 MP: 1/1
   248 | D:1      | Reached skill level 3 in Axes
   492 | D:1      | Reached XP level 3. HP: 33/33 MP: 2/2
   733 | D:2      | Noticed Robin
   750 | D:2      | Killed Robin
   800 | D:2      | Reached skill level 1 in Polearms
   800 | D:2      | Reached XP level 4. HP: 40/40 MP: 3/3
   825 | D:2      | Reached skill level 1 in Throwing
  1539 | D:2      | Reached skill level 4 in Axes
  1907 | D:3      | Reached XP level 5. HP: 44/46 MP: 4/4
  2136 | D:3      | Reached XP level 6. HP: 50/53 MP: 5/5
  2243 | D:3      | Noticed Blork the orc
  2262 | D:3      | Killed Blork the orc
  2282 | D:3      | Found a deep blue altar of Sif Muna.
  2466 | D:4      | Reached skill level 5 in Axes
  2510 | D:3      | HP: 2/53 [poisoned by a scorpion]
  2510 | D:3      | Slain by a phantom

Vault maps used:
D:1:      sevenhm_arrival_forest_fort_large_4
D:2:      first_ration, uniq_robin
D:3:      tgw_sif
D:4:      uniq_sigmund

Skill      XL: |  1  2  3  4  5  6 |
---------------+-------------------+-----
Axes           | 3 4 5 |  5.1
Shields        | 4 |  4.9
Fighting       | 4 |  4.7
Armour         | 4 |  4.6
Polearms       | 1 2 |  2.4
Throwing       | 1 2 |  2.0

Action                   |  1- 3 |  4- 6 || total
-------------------------+-------+-------++-------
Melee: War axe           |    66 |       ||    66
       Headbutt          |     7 |    15 ||    22
       Spear             |    28 |   158 ||   186
Throw: Javelin           |       |     7 ||     7
  Eat: Chunk             |       |     2 ||     2
       Ration            |       |     1 ||     1
Armor: Scale mail        |    44 |     5 ||    49
       Plate armour      |       |    71 ||    71
Dodge: Dodged            |    25 |    19 ||    44
Block: Shield            |    48 |    77 ||   125

Table legend:
 A = Spawn XP
 B = Non-spawn XP
 C = Spawn XP percentage of total XP
 D = Spawn monster count
 E = Non-spawn monster count
 F = Spawn count percentage of total count
 G = Total turns spent on level
                    A         B        C        D         E        F      G
               +---------+---------+-------+---------+---------+-------+---------
         Total |       0 |     570 |   0.0 |       0 |      89 |   0.0 |  2510
               +---------+---------+-------+---------+---------+-------+---------
           D:1 |       0 |      43 |   0.0 |       0 |      27 |   0.0 |   732
           D:2 |       0 |     118 |   0.0 |       0 |      31 |   0.0 |  1112
           D:3 |       0 |     406 |   0.0 |       0 |      30 |   0.0 |   635
           D:4 |       0 |       3 |   0.0 |       0 |       1 |   0.0 |    31
               +---------+---------+-------+---------+---------+-------+---------
